 Dungeon Crawl Stone Soup version 0.30-a0-719-gcc4359ea44 (webtiles) character file.

Game seed: 7496861167128768481

137 kae the Insei (level 5, -3/37 HPs)
             Began as a Demonspawn Transmuter on Jan 26, 2023.
             Frozen to death by an endoplasm (5 damage)
             ... on level 2 of the Dungeon.
             The game lasted 00:03:14 (1550 turns).

kae the Insei (Demonspawn Transmuter)               Turns: 1550, Time: 00:03:14

Health: -3/37      AC:  2    Str: 11    XL:     5   Next: 0%
Magic:  9/9        EV: 12    Int: 16    God:
Gold:   79         SH:  0    Dex: 13    Spells: 3/9 levels left

rFire   . . .      SeeInvis .      - Unarmed
rCold   . . .      Faith    .    (no shield)
rNeg    . . .      Spirit   .    a - +0 robe
rPois   .          Reflect  .    (helmet currently unavailable)
rElec   .          Harm     .    (no cloak)
rCorr   .          Rampage  .    (no gloves)
Will    .....                    (boots currently unavailable)
Stlth   +                        (no amulet)
HPRegen 0.26/turn                (no ring)
MPRegen 0.11/turn                (no ring)

@: appendages, attractive, flying
A: horns 2, talons 2, weakness stinger 2
a: End Transformation


You were on level 2 of the Dungeon.
You had temporarily grown beastly horns and talons.
You visited 1 branch of the dungeon, and saw 4 of its levels.

You collected 79 gold pieces.


Innate Abilities, Weirdness & Mutations

You have temporarily grown beastly horns and talons.
You have a tail ending in a sharp stinger.


   Skills:
 - Level 1.0 Fighting
 - Level 1.7 Dodging
 + Level 3.3 Unarmed Combat
 + Level 2.7 Spellcasting
 * Level 3.3 Transmutations
 * Level 1.7 Poison Magic


You had 3 spell levels left.
You knew the following spells:

 Your Spells              Type           Power      Damage    Failure   Level
a - Beastly Appendage     Tmut           24%        N/A       4%          1
b - Wereblood             Tmut           12%        N/A       8%          2
c - Spider Form           Tmut/Pois      10%        N/A       21%         3

Your spell library contained the following spells:

 Spells                   Type           Power      Damage    Failure   Level
 Blink                    Tloc           4%         N/A       28%         2
 Lesser Beckoning         Tloc           4%         N/A       28%         2
 Momentum Strike          Conj/Tloc      4%         3d8       28%         2
 Call Canine Familiar     Summ           2%         N/A       50%         3
 Ice Form                 Ice/Tmut       7%         N/A       67%         4
 Alistair's Intoxication  Tmut/Pois      6%         N/A       88%         5
 Spellforged Servitor     Conj/Summ      1%         N/A       100%        7

Inventory:

Missiles
 d - 14 stones
Armour
 a - a +0 robe (worn)
 c - a +2 hat (melded)
   (You found it on level 1 of the Dungeon)
Scrolls
 f - a scroll of amnesia {unknown}
 g - a scroll of enchant armour {unknown}
 h - a scroll of identify {unknown}
 k - a scroll of poison {unknown}
 n - a scroll of teleportation {unknown}
Potions
 b - a potion of lignification {!q}
 e - a potion of flight
 i - a potion of attraction {!q}
 j - a potion of degeneration {unknown}
 l - a potion of heal wounds {unknown}
 m - a potion of curing {@q1}

Dungeon Overview and Level Annotations

Branches:
Dungeon (4/15) Zot: 22457
 Temple: D:4-7

Altars:
Makhleb

Shops:
D:1

:*=(=
#.......................
#.......................
#..)####................
#...#######........#####
#..................#...#
#..........#..[.........
#..........#............
#.......................
#......@J...............
#.....ggg...$....###....
###..............# #....
#..............# #....
#####..........# #....
#........... .
#............
..............
...............


You could see 3 gnolls and an endoplasm.


Message History

Your transformation is almost over.
Your horns disappear.
Your talons disappear.
Your +2 hat unmelds from your body.
Key pressed, stopping explore.
n - a scroll labelled FOEGOG YTIXT 😕 HP[+8]
You regained 8 hp, and now have 28/32 hp.
Unknown command.
You pick up a book of Spatial Translocations and begin reading...
You add the spells Blink, Momentum Strike and Lesser Beckoning to your library. 😎 HP[+4]
Your hp is fully restored (32).
Key pressed, stopping explore.
Unknown command.
d - 14 stones (gained 7)
A kobold comes into view. It is wielding a +0 dagger.
You see here a +0 scale mail.
A kobold is nearby!
A kobold is nearby!
A kobold is nearby!
Okay, then.
Casting: Beastly Appendage (safe; 4% risk of failure)
Confirm with . or Enter, or press ? or * to list all spells.
You grow a pair of large bovine horns.
Your feet morph into talons.
Your +2 hat melds into your body. 😎 MP[-1]
You lost 1 mp, and now have 7/8 mp.
The kobold shouts!
You hit the kobold but do no damage. You claw the kobold.
You kill the kobold!
You have reached level 5! 😎 HP[+5]
You now have 37 max hp (+5).
Your hp is fully restored (37).
No target in view!
No target in view!
Things that are here:
a +0 dagger; a kobold corpse Your transformation is almost over.
Key pressed, stopping explore.
Your horns disappear.
Your talons disappear.
Your +2 hat unmelds from your body.
A gnoll comes into view. It is wielding a +0 club. 😎 MP[+2]
Your mp is fully restored (9).
A gnoll is nearby!
A gnoll is nearby!
A gnoll is nearby!
A gnoll and an endoplasm come into view.
The gnoll shouts! x2
The endoplasm quivers.
A gnoll comes into view. It is wielding a +0 club.
Casting: Beastly Appendage (safe; 4% risk of failure)
Confirm with . or Enter, or press ? or * to list all spells.
You grow a pair of large bovine horns.
Your feet morph into talons.
Your +2 hat melds into your body.
The gnoll shouts! 😎 MP[-1]
You lost 1 mp, and now have 8/9 mp.
You hit the gnoll. Your kick misses the gnoll. Your headbutt misses the gnoll.
The gnoll hits you with a +0 club.
You hit the gnoll but do no damage. You headbutt the gnoll.
The gnoll hits you with a +0 flail. The gnoll closely misses you. 😕 HP[-5]
You take 5 damage, and now have 32/37 hp.
Unknown command.
Okay, then.
Okay, then.
Casting: Beastly Appendage (safe; 4% risk of failure)
Confirm with . or Enter, or press ? or * to list all spells.
You don't know that spell.
The gnoll attacks as you move away! The gnoll closely misses you.
The gnoll attacks as you move away! The gnoll hits you with a +0 club.
The gnoll attacks as you move away! The gnoll misses you.
The endoplasm attacks as you move away!
The endoplasm closely misses you. 😮 HP[-6]
You take 6 damage, and now have 26/37 hp.
The gnoll attacks as you move away! The gnoll hits you with a +0 flail!
* * * LOW HITPOINT WARNING * * *
😨 HP[-12]
You take 12 damage, and now have 14/37 hp.
MASSIVE DAMAGE!! (PAUSE) It was a potion of flight.
You feel very buoyant.
You fly up into the air.
The gnoll barely misses you. The gnoll hits you with a +0 club.
* * * LOW HITPOINT WARNING * * *
The endoplasm freezes you.
You are frozen.
* * * LOW HITPOINT WARNING * * *
The gnoll hits you with a +0 club.
* * * LOW HITPOINT WARNING * * *
😱 HP[-12]
You take 12 damage, and now have 2/37 hp.
MASSIVE DAMAGE!! (PAUSE) It was a potion of attraction.
You feel attractive to monsters. The gnoll closely misses you.
The gnoll barely misses you. The endoplasm freezes you.
You are frozen.
You die...

Skill      XL: |  1  2  3 |
---------------+----------+-----
Transmutations | 2 3 |  3.3
Unarmed Combat | 3 |  3.3
Poison Magic   | 1 |  1.7
Fighting       | |  1.0
Dodging        | |  1.7
Spellcasting   | |  2.7

Action                     |  1- 3 |  4- 6 || total
---------------------------+-------+-------++-------
  Melee: Unarmed           |    70 |    53 ||   123
         Kick              |    22 |     9 ||    31
         Headbutt          |     7 |     4 ||    11
         Punch             |     4 |     1 ||     5
         Tailslap          |     8 |     2 ||    10
   Cast: Beastly Appendage |    18 |    10 ||    28
         Spider Form       |       |     1 ||     1
         Wereblood         |       |     1 ||     1
    Use: Scroll            |     3 |       ||     3
         Potion            |     1 |     2 ||     3
 Armour: Robe              |    11 |     3 ||    14
  Dodge: Dodged            |    45 |    34 ||    79

Levels and vault maps discovered:
D:1:      eino_arrival_cavern_a, layout_basic, serial_shops, shop,
          nicolae_shop_statue_plus, nicolae_shop_statue_plus,
          nicolae_shop_stone, shop_fountains
D:2:      layout_basic, serial_shops, shop
D:3:      layout_rooms, old_standard_altar, mainiacjoe_overflow_boulevard,
          grunt_dithmenos_smoke_and_mirrors, old_standard_altar,
          shapermc_ecumenical_altar_starsandcircs, chequers_arboretum,
          grunt_ministairs_4, hangedman_decor_push, palyth_stone_intersect
D:4:      layout_cave_pools, minmay_temple_entry_mini_moons, minmay_manual_mess

Notes
Turn   | Place    | Note
-------+----------+-------------------------------------------
     0 | D:1      | kae the Demonspawn Transmuter began the quest for the Orb.
     0 | D:1      | Reached XP level 1. HP: 15/15 MP: 3/3
     0 | D:1      | magus.rc [v1.11.3]
    69 | D:1      | Found Rumn's General Store.
    89 | D:1      | Reached skill level 2 in Transmutations
   154 | D:1      | Found Foczofy's Jewellery Shoppe.
   219 | D:1      | Found Kadacluuna's Jewellery Emporium.
   238 | D:1      | Gained mutation: You have a small tail. [demonic ancestry]
   238 | D:1      | Reached XP level 2. HP: 15/21 MP: 3/5
   364 | D:1      | Found Qatixalu's Antique Weapon Shoppe.
   648 | D:1      | Found Xenuna Esink's Book Shoppe.
   674 | D:1      | Reached skill level 3 in Unarmed Combat
   897 | D:1      | Learned a level 2 spell: Wereblood
   935 | D:2      | You fall into a shaft and drop 2 floors!
   947 | D:4      | Gained mutation: You have a tail ending in a sharp stinger.
                  | [demonic ancestry]
   947 | D:4      | Reached XP level 3. HP: 26/26 MP: 3/6
   957 | D:4      | Learned a level 3 spell: Spider Form
   981 | D:4      | You add the spells Call Canine Familiar, Alistair's
                  | Intoxication and Spellforged Servitor to your library.
   981 | D:4      | Got Teqos's Atlas of the Cure and Accomplices
   989 | D:4      | Noticed a necrophage
  1011 | D:3      | Killed a necrophage
  1012 | D:3      | Reached skill level 3 in Transmutations
  1012 | D:3      | Reached skill level 1 in Poison Magic
  1012 | D:3      | Reached XP level 4. HP: 31/32 MP: 0/7
  1096 | D:3      | Found a burning altar of Makhleb.
  1216 | D:3      | Found a faded altar of an unknown god.
  1499 | D:2      | You pick up a book of Spatial Translocations and begin
                  | reading...
  1499 | D:2      | You add the spells Blink, Momentum Strike and Lesser
                  | Beckoning to your library.
  1522 | D:2      | Reached XP level 5. HP: 37/37 MP: 7/9
  1549 | D:2      | HP: 9/37 [gnoll/+0 club (6)]
  1549 | D:2      | HP: 4/37 [frozen (5)]
  1550 | D:2      | Frozen to death by an endoplasm

Vanquished Creatures
  A necrophage (D:3)
  A worm (D:2)
  2 dart slugs
  12 orcs
  2 endoplasms (D:1)
  3 giant cockroaches
  5 goblins
  5 hobgoblins
  5 jackals
  2 quokkas (D:1)
  3 ball pythons
  A bat (D:1)
  3 frilled lizards
  A kobold (D:2)
  2 rats (D:3)
48 creatures vanquished.

Table legend:
 A = Non-vault XP
 B = Vault XP
 C = Vault XP percentage of total XP
 D = Non-vault monster count
 E = Vault monster count
 F = Vault count percentage of total count
                 A         B        C        D         E       F
            +---------+---------+-------+---------+---------+-------
      Total |     196 |       0 |   0.0 |      48 |       0 |   0.0
            +---------+---------+-------+---------+---------+-------
        D:1 |      40 |       0 |   0.0 |      21 |       0 |   0.0
        D:2 |      15 |       0 |   0.0 |       7 |       0 |   0.0
        D:3 |     121 |       0 |   0.0 |      13 |       0 |   0.0
        D:4 |      20 |       0 |   0.0 |       7 |       0 |   0.0
            +---------+---------+-------+---------+---------+-------

Illustrated notes

Table legend:
 A = Kills in this place as a percentage of kills in entire the game.
 B = Kills by you in this place as a percentage of kills by you in the entire game.
 C = Kills by friends in this place as a percentage of kills by friends in the entire game.
 D = Other kills in this place as a percentage of other kills in the entire game.
 E = Experience gained in this place as a percentage of experience gained in the entire game.
 F = Experience gained in this place divided by the number of levels of this place that you have seen.
                   A       B       C       D       E      F
               +-------+-------+-------+-------+-------+----------------------
         Total | 100.0 | 100.0 |   N/A |   N/A | 100.0 |  49.0
       Dungeon | 100.0 | 100.0 |   N/A |   N/A | 100.0 |  49.0
               +-------+-------+-------+-------+-------+----------------------

Table legend: (Time is in decaauts)
 A = Elapsed time spent in this place.
 B = Non-inter-level travel time spent in this place.
 C = Inter-level travel time spent in this place.
 D = Time resting spent in this place.
 E = Time spent auto-exploring this place.
 F = Levels seen in this place.
 G = Mean time per level.
                   A        B        C        D        E       F      G
               +--------+--------+--------+--------+--------+-----+--------+
         Total |   1541 |   1485 |     56 |      0 |   1118 |   4 |  385.2 |
       Dungeon |   1541 |   1485 |     56 |      0 |   1118 |   4 |  385.2 |
               +--------+--------+--------+--------+--------+-----+--------+

Top non-repeatable levels by time:
     D:1: 932 daAuts
     D:2: 291 daAuts
     D:3: 257 daAuts
     D:4: 60 daAuts
